 Dungeon Crawl Stone Soup version 0.25-b1-37-g2669288c55 (webtiles) character file.

Game seed: 16708733367296180889

2599 HoaS the Grappler (level 9, 0/59 HPs)
             Began as a Gargoyle Gladiator on June 4, 2020.
             Was a Believer of Zin.
             Killed from afar by an orc wizard (4 damage)
             ... with a puff of flame
             ... on level 7 of the Dungeon.
             The game lasted 00:13:05 (6068 turns).

HoaS the Grappler (Gargoyle Gladiator)              Turns: 6068, Time: 00:13:05

Health: 0/59       AC: 18    Str: 22    XL:     9   Next: 59%
Magic:  11/11      EV:  6    Int:  8    God:    Zin [**....]
Gold:   237        SH:  0    Dex: 11    Spells: 8/8 levels left

rFire    + . .     SeeInvis .     - Unarmed
rCold    . . .     Gourm    .   (no shield)
rNeg     + . .     Faith    .   a - +0 plate armour
rPois    ∞         Spirit   .   b - +1 helmet
rElec    +         Reflect  .   (no cloak)
rCorr    .         Harm     .   (no gloves)
MR       .....                  (no boots)
Stlth    ..........             (no amulet)
HPRegen  0.19/turn              g - ring of protection from fire
MPRegen  0.12/turn              (no ring)

@: confused
A: negative energy resistance 1, electricity resistance, unbreathing,
petrification resistance, rot immunity, AC +6
a: Recite, Vitalisation, Donate Gold, Renounce Religion


You were on level 7 of the Dungeon.
You worshipped Zin.
Zin was pleased with you.
You were not hungry.

You visited 2 branches of the dungeon, and saw 8 of its levels.

You collected 263 gold pieces.
You donated 26 gold pieces to Zin.

Inventory:

Missiles
 c - 3 throwing nets (quivered)
 l - 4 datura-tipped darts
 u - 20 poisoned darts
Armour
 a - a +0 plate armour (worn)
 b - a +1 helmet (worn)
 o - +0 steam dragon scales
Jewellery
 g - a ring of protection from fire (left hand)
 p - an uncursed ring of ice
 r - an uncursed ring of flight {unknown}
Wands
 i - a wand of random effects (40)
 n - a wand of polymorph (8)
Scrolls
 j - 3 scrolls of enchant armour
 s - 2 scrolls of magic mapping
 x - a scroll of fear
 y - a scroll of fog
Potions
 e - 4 potions of heal wounds {unknown}
 f - 2 potions of ambrosia {unknown}
 h - 2 potions of degeneration {unknown}
 k - a potion of flight {unknown}
 m - 5 potions of curing
 q - a potion of berserk rage {unknown}
 t - a potion of resistance {unknown}
 v - a potion of stabbing {unknown}
 w - a potion of haste {unknown}
 A - a potion of cancellation {unknown}
Comestibles
 d - 15 rations
 z - 2 chunks of flesh


   Skills:
 + Level 8.0 Fighting
 - Level 1.7 Throwing
 - Level 2.4 Dodging
 * Level 10.5 Unarmed Combat
 - Level 3.0 Invocations


You had 8 spell levels left.
You didn't know any spells.
Your spell library contained the following spells:

 Spells                   Type           Power        Failure   Level  Hunger
 Animate Skeleton         Necr           N/A          100%        1    ##.....
 Pain                     Necr           #...         100%        1    ##.....
 Vampiric Draining        Necr           #.........   100%        3    ####...
 Animate Dead             Necr           N/A          100%        4    #####..
 Agony                    Necr           #.......     100%        5    ######.


Dungeon Overview and Level Annotations

Branches:
Dungeon (7/15)             Temple (1/1) D:5

Altars:
Ashenzari
Cheibriados
Dithmenos
Elyvilon
Fedhas
Gozag
Hepliaklqana
Kikubaaqudgha
Makhleb
Nemelex Xobeh
Okawaru
Qazlal
Ru
Sif Muna
Trog
Uskayaw
Vehumet
Wu Jian
Xom
Yredelemnul
Zin
The Shining One


Innate Abilities, Weirdness & Mutations

You are resistant to torment.
Your stone body is resilient. (AC +6)
You are immune to poison.
You resist negative energy. (rN+)
You are resistant to electric shocks. (rElec)
You can survive without breathing.
You are immune to petrification.
You are immune to rotting.


Message History

You bump into the rock wall.
Something hits you but does no damage. x2
The orc wizard gestures wildly while chanting.
The orc wizard seems to speed up.
The orc warrior hits you but does no damage.
You hit something but do no damage.
Something hits you but does no damage. x2
The orc wizard hits you but does no damage.
You closely miss something. The orc wizard barely misses you.
Something hits you but does no damage.
The orc warrior hits you from afar with a +0 halberd!
* * * LOW HITPOINT WARNING * * *
Something hits you but does no damage.
You hit something.
The orc wizard points at you and mumbles some strange words.
You easily resist.
You hear some strange, mumbled words.
Something tries to affect you, but you resist.
You hear some strange, mumbled words.
A puff of flame appears from out of thin air!
The puff of flame hits you. You resist.
You die...

.... ..... .... ...
.... ######'####
.... #....#....#
###. #....#....# ..#
#....#....# ..# ..
#....#o...# ..# ...
+....'o{.##
..#......#....#{@.#
..#......###'#######
#+#................#
..#................#
..#...............<#
..#.................
..#.................
'##.................
.....#'############.


You could see an orc warrior and an orc wizard (fast).

Vanquished Creatures
  A two-headed ogre (D:5)
  Maggie (D:6)
  An orc warrior (D:6)
  2 phantoms
  A sky beast (D:6)
  3 ogres
  A centaur (D:5)
  2 bullfrogs
  A howler monkey (D:4)
  2 crimson imps
  3 hounds
  A centaur skeleton (D:7)
  5 orc wizards
  Terence (D:2)
  Jessica (D:2)
  Natasha (thrice) (D:3)
  4 worker ants
  A hound skeleton (D:5)
  A worker ant zombie (D:5)
  4 gnolls (D:3)
  A howler monkey skeleton (D:4)
  5 adders
  2 shadow imps
  An ooze (D:2)
  An adder skeleton (D:6)
  2 worms
  3 dart slugs
  4 leopard geckos
  15 orcs
  4 bats
  5 giant cockroaches
  11 goblins
  6 hobgoblins
  10 jackals
  3 kobolds
  5 quokkas
  A ball python skeleton (D:4)
  10 frilled lizards
  A jackal skeleton (D:5)
  A quokka skeleton (D:3)
  8 rats
138 creatures vanquished.

Notes
Turn   | Place    | Note
-------+----------+-------------------------------------------
     0 | D:1      | HoaS the Gargoyle Gladiator began the quest for the Orb.
     0 | D:1      | Reached XP level 1. HP: 12/12 MP: 1/1
   266 | D:1      | Reached XP level 2. HP: 18/18 MP: 2/2
   635 | D:1      | Reached XP level 3. HP: 22/22 MP: 3/3
   963 | D:2      | Reached skill level 4 in Unarmed Combat
  1041 | D:2      | Noticed Jessica
  1050 | D:2      | Killed Jessica
  1050 | D:2      | Reached XP level 4. HP: 28/28 MP: 4/4
  1078 | D:2      | Noticed an ogre
  1091 | D:2      | Killed an ogre
  1091 | D:2      | Reached skill level 5 in Unarmed Combat
  1091 | D:2      | Reached XP level 5. HP: 33/33 MP: 5/5
  1409 | D:2      | Noticed Terence
  1438 | D:2      | Killed Terence
  1947 | D:3      | Reached XP level 6. HP: 26/38 MP: 6/6
  2089 | D:3      | Noticed Natasha
  2099 | D:3      | Killed Natasha
  2217 | D:3      | Reached skill level 6 in Unarmed Combat
  2511 | D:3      | Noticed Natasha
  2517 | D:3      | Killed Natasha
  2712 | D:3      | Noticed Natasha
  2723 | D:3      | Killed Natasha
  2969 | D:4      | You fall into a shaft and drop 2 floors!
  2987 | D:6      | Reached skill level 5 in Fighting
  2987 | D:6      | Reached XP level 7. HP: 3/44 MP: 7/7
  3295 | D:6      | Noticed Maggie
  3325 | D:6      | Killed Maggie
  3325 | D:6      | Reached skill level 7 in Unarmed Combat
  3472 | D:5      | Entered Level 5 of the Dungeon
  3472 | D:5      | Noticed a two-headed ogre
  3484 | D:5      | Killed a two-headed ogre
  3484 | D:5      | Reached skill level 9 in Unarmed Combat
  3484 | D:5      | Reached XP level 8. HP: 48/52 MP: 8/8
  4159 | D:4      | Reached XP level 9. HP: 57/57 MP: 9/9
  4370 | D:5      | Found a staircase to the Ecumenical Temple.
  4381 | Temple   | Entered the Ecumenical Temple
  4627 | Temple   | Became a worshipper of Zin the Law-Giver
  4627 | Temple   | Reached * piety under Zin
  4716 | D:5      | Reached skill level 1 in Invocations
  4968 | D:5      | Reached skill level 10 in Unarmed Combat
  5199 | D:6      | Found a hide-covered altar of Uskayaw.
  5558 | D:6      | Reached ** piety under Zin
  6068 | D:7      | Killed from afar by an orc wizard

Illustrated notes

Levels and vault maps discovered:
D:1:      dpeg_arrival_simpleton_c, layout_loops_ring
D:2:      layout_basic, uniq_jessica, uniq_terence
D:3:      layout_loops_ring, first_ration, uniq_natasha
D:4:      layout_gridville
D:5:      layout_rooms, minmay_temple_entry_sparse_star
D:6:      layout_rooms, nicolae_overflow_crystal_walls, grunt_ministairs_4,
          nicolae_benzene_ring, uniq_maggie
D:7:      layout_gridville
Temple:   nicolae_temple_the_god_donut

Skill      XL: |  1  2  3  4  5  6  7  8  9 |
---------------+----------------------------+-----
Unarmed Combat | 4 5 6 9 10 | 10.5
Fighting       | 3 4 5 6 7 8 |  8.0
Invocations    | 3 |  3.0
Throwing       | |  1.7
Dodging        | |  2.4

Action                   |  1- 3 |  4- 6 |  7- 9 || total
-------------------------+-------+-------+-------++-------
Melee: Unarmed           |   109 |   215 |   283 ||   607
       Punch             |     1 |     5 |     5 ||    11
Throw: Throwing net      |       |     1 |     1 ||     2
Evoke: Wand              |       |       |     5 ||     5
  Use: Scroll            |       |     7 |     4 ||    11
  Eat: Chunk             |     1 |     6 |    10 ||    17
Armor: Ring mail         |    33 |    36 |       ||    69
       Chain mail        |       |    22 |       ||    22
       Plate armour      |       |    58 |   182 ||   240
Dodge: Dodged            |    58 |    56 |    66 ||   180
